 Dungeon Crawl Stone Soup version 0.30-b1-2-g02819fbbbe (webtiles) character file.

Game seed: 13354903079977031371

77 Alarkh the Sneak (level 4, -1/35 HPs)
             Began as a Demonspawn Delver on May 22, 2023.
             Slain by a mummy (12 damage)
             ... in an ossuary.
             The game lasted 00:03:04 (707 turns).

Alarkh the Sneak (Demonspawn Delver)                 Turns: 707, Time: 00:03:05

Health: -1/35      AC:  3    Str: 13    XL:     4   Next: 13%
Magic:  4/4        EV: 11    Int: 13    God:
Gold:   78         SH:  0    Dex: 14    Spells: 3/3 levels left

rFire   . .          .
                       - Unarmed
rCold   . . .        (no shield)
rNeg    . . .        a - +0 leather armour
rPois   .            (no helmet)
rElec   .            (no cloak)
rCorr   .            (no gloves)
SInv    .            (no boots)
Will    .....        (no amulet)
Stlth   ++           (no ring)
HPRegen 0.25/turn    (no ring)
MPRegen 0.09/turn

%: no passive effects
@: brilliant, hasted, very quick
A: powered by death 1
a: no special abilities


You were in an ossuary.
You visited 1 branch of the dungeon, and saw 3 of its levels.
You also visited: Ossuary.

You collected 78 gold pieces.

Inventory:

Armour
 a - a +0 leather armour (worn)
 g - a +0 cloak
Jewellery
 h - a ring of magical power
Wands
 f - a wand of digging (3)
Scrolls
 b - a scroll of fog
 d - a scroll of amnesia {unknown}


   Skills:
 - Level 3.0 Fighting
 - Level 1.7 Dodging
 - Level 4.5 Stealth
 + Level 4.0 Unarmed Combat


You had 3 spell levels left.
You didn't know any spells.
Your spell library was empty.

Dungeon Overview and Level Annotations

Branches:
Dungeon (6/15)            Ossuary (1/1)
 Temple: D:4-7

Altars:
Nemelex Xobeh
Xom

Annotations:
D:4 Ijyb


Innate Abilities, Weirdness & Mutations

You regenerate a little health from kills.


Message History

The hound zombie bites you but does no damage.
Found 26 gold pieces.
You open the door.
There is an open door here.
You see here 11 gold pieces.
You now have 78 gold pieces (gained 11).
You hit the hound zombie.
You destroy the hound zombie!
Your Unarmed Combat skill increases to level 4!
You have reached level 4!
You feel stronger.
You barely miss the adder zombie. The adder zombie closely misses you.
You hit the adder zombie but do no damage.
You hit the adder zombie.
The adder zombie is lightly damaged.
The adder zombie barely misses you.
You hit the adder zombie.
The adder zombie is moderately damaged.
The adder zombie closely misses you.
You punch the adder zombie! Your punch misses the adder zombie.
The adder zombie is severely damaged.
You hit the adder zombie.
The adder zombie is severely damaged.
The adder zombie closely misses you.
You hit the adder zombie. Your punch misses the adder zombie.
The adder zombie is almost destroyed.
You hit the mummy.
The mummy is lightly damaged.
You hit the mummy.
The mummy is moderately damaged.
You barely miss the mummy.
The mummy is moderately damaged.
You hit the mummy.
The mummy is moderately damaged.
You hit the mummy but do no damage.
The mummy is moderately damaged.
You hit the mummy.
The mummy is heavily damaged.
The mummy hits you!
You die...

###################
#$$#.Z.M.......∩...
#$@#Z...........M..
###MZZ.......#####Z
#.ZZ...............
#................Z.
#.....##...........
#.....##...........
#..................
#..#...............
#.. #..............


You could see 2 mummies, an adder zombie, a rat zombie, 2 hobgoblin zombies, a
kobold zombie and an orc zombie.

Vanquished Creatures
  A hound (D:5)
  An iguana (D:5)
  A hound zombie (Ossuary)
  A worm (D:5)
  A hobgoblin (D:4)
5 creatures vanquished.

Notes
Turn   | Place    | Note
-------+----------+-------------------------------------------
     0 | D:5      | Alarkh the Demonspawn Delver began the quest for the Orb.
     0 | D:5      | Reached XP level 1. HP: 18/18 MP: 1/1
    12 | D:5      | Noticed a hound
   104 | D:5      | Found a sparkling altar of Nemelex Xobeh.
   150 | D:5      | Killed a hound
   151 | D:5      | Gained mutation: You regenerate a little health from kills.
                  | [demonic ancestry]
   151 | D:5      | Reached XP level 2. HP: 23/24 MP: 2/2
   151 | D:5      | Reached XP level 3. HP: 28/29 MP: 3/3
   192 | D:5      | Noticed a scorpion
   610 | D:4      | Noticed Ijyb
   648 | D:4      | Found a shimmering altar of Xom.
   651 | D:4      | Found a sand-covered staircase.
   657 | Ossuary  | Entered an ossuary
   677 | Ossuary  | HP: 1/29 [hound zombie (2)]
   695 | Ossuary  | Reached XP level 4. HP: 6/35 MP: 4/4
   707 | Ossuary  | Slain by a mummy

Illustrated notes

Levels and vault maps discovered:
D:4:      cheibrodos_greedy_goblins, layout_gridville,
          grunt_temple_overflow_order_and_chaos_1, nicolae_ossuary_entry_plus,
          gammafunk_ghost_nasty_kobolds, uniq_ijyb
D:5:      wander_river, layout_basic, general_overflow_altar,
          kennysheep_pointless_box
D:6:      layout_gridville, chei_slow_surprise, minitemple,
          minmay_temple_entry_offerings, kennysheep_generic_room_9
Ossuary:  ossuary_minmay_tomb_2a

Skill      XL: |  1  2  3 |
---------------+----------+-----
Unarmed Combat | 3 4 |  4.0
Fighting       | |  3.0
Dodging        | |  1.7
Stealth        | |  4.5

Action                     |  1- 3 |  4- 6 || total
---------------------------+-------+-------++-------
  Melee: Unarmed           |    37 |    13 ||    50
    Use: Scroll            |     3 |       ||     3
         Potion            |     4 |       ||     4
   Stab: Sleeping          |     2 |       ||     2
 Armour: Leather armour    |     2 |       ||     2
  Dodge: Dodged            |    14 |     4 ||    18
